 Dungeon Crawl Stone Soup version 0.29.1-13-g9f3cf754e1 (webtiles) character file.

Game seed: 11670654321380798880

158 MisterFreud the Twirler (level 5, -4/38 HPs)
             Began as a Formicid Gladiator on Feb 1, 2023.
             Slain by Edmund
             ... wielding a +2 dire flail of protection
              (10 damage)
             ... on level 5 of the Dungeon.
             The game lasted 00:02:37 (2766 turns).

MisterFreud the Twirler (Formicid Gladiator)        Turns: 2766, Time: 00:02:37

Health: -4/38      AC:  6    Str: 21    XL:     5   Next: 66%
Magic:  5/5        EV: 11    Int:  7    God:
Gold:   109        SH:  0    Dex: 15    Spells: 4/4 levels left

rFire   . . .      SeeInvis +   a - +1 quarterstaff
rCold   . . .      Faith    .   (no shield)
rNeg    . . .      Spirit   .   f - +0 ring mail
rPois   .          Reflect  .   (helmet unavailable)
rElec   .          Harm     .   (no cloak)
rCorr   .          Rampage  .   g - +0 pair of gloves
Will    .....                   (no boots)
Stlth   +.........              (no amulet)
HPRegen 0.12/turn               (no ring)
MPRegen 0.09/turn               (no ring)

@: no status effects
A: permanent stasis, dig shafts and tunnels, antennae 3, four strong arms
a: Dig, Shaft Self


You were on level 5 of the Dungeon.
You visited 1 branch of the dungeon, and saw 5 of its levels.

You collected 109 gold pieces.

Inventory:

Hand Weapons
 a - a +1 quarterstaff (weapon)
Missiles
 c - 3 throwing nets (quivered)
 j - a javelin
Armour
 f - a +0 ring mail (worn)
 g - a +0 pair of gloves (worn)
Jewellery
 h - a +4 ring of evasion
Scrolls
 i - a scroll of amnesia {unknown}
 k - a scroll of immolation {unknown}
Potions
 b - 2 potions of brilliance
 d - a potion of magic
 e - a potion of heal wounds
 l - a potion of lignification {unknown}
 m - a potion of might {unknown}
 n - a potion of attraction {unknown}


   Skills:
 - Level 2.1 Fighting
 + Level 5.9 Staves
 - Level 2.0 Throwing
 - Level 2.6 Dodging


You had 4 spell levels left.
You didn't know any spells.
Your spell library contained the following spells:

 Spells                   Type           Power      Damage    Failure   Level
 Stone Arrow              Conj/Erth      0%         3d7       93%         3
 Animate Armour           Summ/Erth      0%         N/A       100%        4
 Lehudib's Crystal Spear  Conj/Erth      0%         10d2      100%        8


Dungeon Overview and Level Annotations

Branches:
Dungeon (6/15)
 Temple: D:4-7

Altars:
Makhleb

Annotations:
D:3 Robin
D:5 Edmund


Innate Abilities, Weirdness & Mutations

You cannot be hasted, slowed, berserked, paralysed or teleported.
You can dig through walls and to a lower floor.
You have a pair of large antennae on your head. (SInv)
Your four strong arms can wield two-handed weapons with a shield.


Message History

The shaft crumbles and collapses.
Found a cyan potion and a golden potion.
Found a stone staircase leading up and a stone staircase leading down.
You start resting.
HP restored.
m - a cyan potion
Found a scale mail.
There is a stone staircase leading up here.
n - a golden potion
There is a stone staircase leading up here.
You climb upwards.
There is a stone staircase leading down here.
Found a burning altar of Makhleb.
Edmund the Younger comes into view.
He is wielding a +2 dire flail of protection and wearing a +0 leather armour of poison resistance.
Edmund shouts!
You closely miss Edmund.
Edmund hits you with a +2 dire flail of protection!
You hit Edmund.
Edmund is lightly wounded.
Edmund barely misses you.
You hit Edmund but do no damage.
Edmund is lightly wounded.
Edmund closely misses you.
You hit Edmund but do no damage.
Edmund is lightly wounded.
Edmund hits you with a +2 dire flail of protection.
You hit Edmund but do no damage.
Edmund is lightly wounded.
Edmund hits you with a +2 dire flail of protection!
You hit Edmund.
Edmund is lightly wounded.
Edmund barely misses you.
Okay, then.
Unknown command.
Are you sure you want to shaft yourself?
Edmund hits you with a +2 dire flail of protection!
* * * LOW HITPOINT WARNING * * *
You begin to dig a shaft.
You continue digging a shaft.
Edmund hits you with a +2 dire flail of protection!
You die...

###########
#.........##
#.......#..#
#......###.#
#......# #@#
#####..#..@..#
#..#.._..#
#..#.....#
######..#######
............>.#
######.....#.##
#.....#.#
#.....#.#


You could see Edmund.

Vanquished Creatures
  Jessica (D:3)
  Terence (D:2)
  4 adders
  2 dart slugs (D:3)
  3 orcs (D:3)
  5 ball pythons
  5 endoplasms
  5 giant cockroaches
  5 hobgoblins
  4 jackals (D:3)
  2 quokkas
  5 bats
  2 frilled lizards
  7 goblins
  2 kobolds
  6 rats
59 creatures vanquished.

Vanquished Creatures (others)
  2 plants (D:3)
2 creatures vanquished.

Grand Total: 61 creatures vanquished

Notes
Turn   | Place    | Note
-------+----------+-------------------------------------------
     0 | D:1      | MisterFreud the Formicid Gladiator began the quest for the
                  | Orb.
     0 | D:1      | Reached XP level 1. HP: 16/16 MP: 1/1
   270 | D:1      | Reached XP level 2. HP: 21/22 MP: 2/2
   324 | D:1      | Found a faded altar of an unknown god.
   826 | D:1      | Reached skill level 4 in Staves
   826 | D:1      | Reached XP level 3. HP: 27/27 MP: 3/3
  1164 | D:2      | Noticed Terence
  1172 | D:2      | Killed Terence
  1173 | D:2      | Reached XP level 4. HP: 28/33 MP: 4/4
  1359 | D:2      | Reached skill level 5 in Staves
  1868 | D:3      | Noticed Jessica
  1875 | D:3      | Killed Jessica
  1876 | D:3      | Reached XP level 5. HP: 31/38 MP: 5/5
  2477 | D:3      | Noticed Robin
  2498 | D:3      | You fall into a shaft and drop 3 floors!
  2739 | D:5      | Entered Level 5 of the Dungeon
  2755 | D:5      | Found a burning altar of Makhleb.
  2757 | D:5      | Noticed Edmund
  2766 | D:5      | Slain by Edmund

Illustrated notes

Levels and vault maps discovered:
D:1:      kennysheep_arrival_forest, layout_loops_ring,
          hellmonk_ecumenical_altar_crossroads, item_on_display_a
D:2:      layout_basic, uniq_terence
D:3:      layout_loops_corners, grunt_temple_overflow_gold_and_silver,
          serial_forest, infiniplex_forest_clump_long,
          infiniplex_forest_zigzag_1, infiniplex_forest_lined_1,
          infiniplex_forest_straight_1, infiniplex_forest_clump_tiny,
          infiniplex_forest_fountain, infiniplex_forest_end_2,
          infiniplex_forest_pool, infiniplex_forest_lined_room_3,
          kennysheep_generic_room_16, uniq_jessica, uniq_robin
D:5:      layout_basic, mainiacjoe_overflow_alcove_2, minmay_misc_feat_plants,
          dreamdust_gnoll_farm, uniq_edmund
D:6:      layout_cave_pools

Skill      XL: |  1  2  3  4 |
---------------+-------------+-----
Staves         | 4 5 |  5.9
Fighting       | |  2.1
Throwing       | |  2.0
Dodging        | |  2.6

Action                   |  1- 3 |  4- 6 || total
-------------------------+-------+-------++-------
Melee: Quarterstaff      |    73 |    72 ||   145
Throw: Javelin           |     1 |       ||     1
 Abil: Shaft Self        |       |     2 ||     2
  Use: Scroll            |     2 |     5 ||     7
Armor: Ring mail         |    25 |    35 ||    60
Dodge: Dodged            |    41 |    33 ||    74
